AoeStats
← BN27

Arabia

507435371Analyzed
1v1 RM · 15d ago on Sep 18, 2026· 25m 36s· 2 players
Game mode
Random Map
Map size
Tiny (2 player)
Population
200
Speed
Normal
Resources
Standard
Victory
Conquest
Starting age
Dark Age
Ending age
Imperial Age
RankedLock teamsTeams togetherTeam positionsShared explorationLock speedFull tech treeHidden civsTurbo modeCheats
Victory
Defeat
🇦🇷 Chinese · Argentina
1790
+13
🇩🇪 Wu · Germany
1725
-13
BN27
8:31 Loom
11:42 Feudal Age
16:49 Castle Age
15:11 Man-at-Arms
16:47 Double-Bit Axe
18:46 Fletching
23:09 Murder Holes
24:50 Town Watch
自律的王虫
0:25 Loom
9:08 Feudal Age
9:36 Double-Bit Axe
17:15 Castle Age
15:06 Horse Collar
24:16 Fletching
25:03 Bodkin Arrow
Connection lost

Rejoining the realm…

Still unreachable

The connection could not be restored.

Session expired

The server has moved on; the page needs a fresh start.